 Dungeon Crawl Stone Soup version 0.26.1-11-gd32895ea62 (webtiles) character file.

Game seed: 8982241196030921080

225 Tiocfaidh the Sneak (level 5, 0/53 HPs)
             Began as a Troll Delver on May 31, 2021.
             Shot with an arrow by a centaur (11 damage)
             ... on level 5 of the Dungeon.
             The game lasted 00:04:37 (488 turns).

Tiocfaidh the Sneak (Troll Delver)                   Turns: 488, Time: 00:04:38

Health: 0/53       AC:  6    Str: 21    XL:     5   Next: 68%
Magic:  4/4        EV: 10    Int:  6    God:
Gold:   71         SH:  0    Dex: 11    Spells: 4/4 levels left

rFire    . . .     SeeInvis .     - Unarmed
rCold    . . .     Faith    .   (no shield)
rNeg     . . .     Spirit   .   a - +0 robe
rPois    .         Reflect  .   (helmet restricted)
rElec    .         Harm     .   (no cloak)
rCorr    .         Rampage  .   (gloves unavailable)
Will     .....                  (boots unavailable)
Stlth    ++........             (no amulet)
HPRegen  0.57/turn              (no ring)
MPRegen  0.09/turn              (no ring)

@: no status effects
A: large, unfitting armour, claws 3, regeneration 1, shaggy fur 1, tough skin 3
a: no special abilities


You were on level 5 of the Dungeon.
You visited 1 branch of the dungeon, and saw 1 of its levels.

You collected 71 gold pieces.

Inventory:

Armour
 a - a +0 robe (worn)
Wands
 f - a wand of digging (3)
 g - a wand of iceblast (6)
 h - a wand of acid (6)
 i - a wand of flame (16)
Scrolls
 b - 2 scrolls of fog
 c - 2 scrolls of magic mapping
 d - a scroll of fear
 e - a scroll of identify {unknown}


   Skills:
 + Level 3.1 Fighting
 + Level 2.0 Dodging
 + Level 4.0 Stealth
 + Level 2.7 Unarmed Combat


You had 4 spell levels left.
You didn't know any spells.
Your spell library was empty.

Dungeon Overview and Level Annotations

Branches:
Dungeon (5/15)
 Temple: D:4-7

Altars:
Vehumet


Innate Abilities, Weirdness & Mutations

You are too large for most types of armour.
You have claws for hands.
Your natural rate of healing is unusually fast.
You are covered in fur. (AC +1)
You have extremely tough skin. (AC +3)


Message History

The orc wizard blinks!
You see here an arrow.
The centaur shoots an arrow.
The arrow barely misses you.
The orc priest invokes the aid of Beogh against you.
Pain shoots through your body!
The centaur shoots an arrow.
The arrow barely misses you.
You see here an arrow.
The centaur shoots an arrow.
The arrow barely misses you.
You see here an arrow.
The orc priest mumbles some strange prayers to Beogh against you.
Beogh smites you!
* * * LOW HITPOINT WARNING * * *
There is an open door here.
The centaur shoots an arrow.
The arrow misses you.
You see here an arrow.
The centaur shoots an arrow.
The arrow barely misses you.
The centaur shoots an arrow.
The arrow hits you.
* * * LOW HITPOINT WARNING * * *
The centaur shoots an arrow.
The arrow hits you!
You die...

........####################
...#.†....................>####
.......##########.......##....#
#)##..## #.......##....# #.###.#
#.......##....# ..###.#
#.......##....### ...##.######
#.......##.......
...........######....[..##....#.#
...<........c...@..(....'..####.#
###.#.####.######...<...#..# ##.#
....#.# #.# #.......#..# #...
###.#.####.## #########..# #.## #
###.(..c..# #..# #.# .
###c######### ##.# #.#
###..(........# #..##.#
..#..(........# #..##.#
...(..........# # #...#.#


You could see a centaur.

Vanquished Creatures
  Eustachio (D:5)
  A jelly (D:5)
  2 worker ants (D:5)
  An adder skeleton (D:5)
  2 orcs (D:5)
  A hobgoblin (D:5)
  3 jackals (D:5)
  A quokka (D:5)
12 creatures vanquished.

Notes
Turn   | Place    | Note
-------+----------+-------------------------------------------
     0 | D:5      | Tiocfaidh the Troll Delver began the quest for the Orb.
     0 | D:5      | Reached XP level 1. HP: 22/22 MP: 0/0
    28 | D:5      | Noticed Eustachio
    36 | D:5      | Noticed a crimson imp
    47 | D:5      | Killed Eustachio
    48 | D:5      | Reached skill level 3 in Stealth
    48 | D:5      | Reached XP level 2. HP: 22/29 MP: 1/1
    48 | D:5      | Reached XP level 3. HP: 28/36 MP: 2/2
    48 | D:5      | Reached XP level 4. HP: 34/44 MP: 3/3
    48 | D:5      | Reached XP level 5. HP: 40/52 MP: 4/4
   271 | D:5      | Reached skill level 4 in Stealth
   309 | D:5      | Found a radiant altar of Vehumet.
   454 | D:5      | Noticed a centaur
   488 | D:5      | Shot with an arrow by a centaur

Illustrated notes

Levels and vault maps discovered:
D:5:      layout_basic, vehumet_altar_wand_db, minmay_misc_feat_tiny,
          uniq_eustachio

Skill      XL: |  1  2  3  4  5 |
---------------+----------------+-----
Stealth        | 3 4 |  4.0
Fighting       | 3 |  3.1
Dodging        | 2 |  2.0
Unarmed Combat | |  2.7

Action                   |  1- 3 |  4- 6 || total
-------------------------+-------+-------++-------
Melee: Unarmed           |    13 |    31 ||    44
Evoke: Wand              |     1 |       ||     1
  Use: Potion            |     1 |       ||     1
 Stab: Sleeping          |       |     2 ||     2
Armor: Robe              |     4 |     8 ||    12
Dodge: Dodged            |     6 |    27 ||    33
